 Dungeon Crawl Stone Soup version 0.21-a0-273-g0785366 (webtiles) character file.

9545 Jail the Fighter (level 11, -8/124 HPs)
             Began as an Ogre Hunter on Sept 17, 2017.
             Was an Elder of Okawaru.
             Mangled by a merfolk
             ... wielding a +0 spear
              (20 damage)
             ... on level 11 of the Dungeon.
             The game lasted 00:49:10 (13172 turns).

Jail the Fighter (Ogre Hunter)                     Turns: 13172, Time: 00:49:11

Health: -8/124     AC: 11    Str: 21    XL:     11   Next: 48%
Magic:  15/16      EV: 14    Int: 12    God:    Okawaru [****..]
Gold:   566        SH:  0    Dex:  9    Spells: 10/10 levels left

rFire    . . .     SeeInvis +   O - +1 giant spiked club
rCold    . . .     Gourm    .   (shield currently unavailable)
rNeg     + . .     Faith    .   F - +1 robe {rN+}
rPois    .         Spirit   .   (helmet restricted)
rElec    .         Reflect  .   E - +2 cloak
rCorr    .         Harm     .   (gloves unavailable)
MR       +....                  (boots unavailable)
Stlth    +++.......             c - amulet of regeneration
HPRegen  0.70/turn              I - ring of see invisible
MPRegen  0.15/turn              r - +4 ring of protection

@: heroism
A: unfitting armour, high mp 1, mutation resistance 1, tough skin 1
a: Heroism, Renounce Religion


You were on level 11 of the Dungeon.
You worshipped Okawaru.
Okawaru was greatly pleased with you.
You were not hungry.

You visited 2 branches of the dungeon, and saw 12 of its levels.

You collected 566 gold pieces.

Inventory:

Hand Weapons
 g - a +0 flail of crushing
 H - a +3 dire flail
 J - a +0 giant club
 O - a +1 giant spiked club (weapon)
 V - a +5 flail
Missiles
 d - 12 large rocks
 i - 7 needles of sleeping
 t - 5 tomahawks
 w - 34 poisoned needles
 N - 3 javelins of returning
 R - 2 silver javelins
 S - 6 exploding tomahawks
 U - 6 steel tomahawks (quivered)
Armour
 b - a +1 robe
 E - a +2 cloak (worn)
 F - a +1 robe of positive energy (worn)
Jewellery
 c - an amulet of regeneration (around neck)
 m - an uncursed ring of magical power
 n - the amulet of Ogor {Faith rF+ rN+, unknown}
   (You found it on level 10 of the Dungeon)

   [amulet of faith]

   It allows you to gain divine favour quickly.
   It protects you from fire.
   It protects you from negative energy.
 r - a +4 ring of protection (right hand)
 s - an uncursed ring of positive energy
 I - a ring of see invisible (left hand)
 L - an uncursed ring of magical power
 M - an uncursed amulet of faith
Wands
 e - a wand of random effects (17/48)
 T - a wand of paralysis (4/24)
Scrolls
 h - 10 scrolls of remove curse
 o - 4 scrolls of teleportation
 p - 4 scrolls of recharging
 q - 3 scrolls of identify
 z - a scroll of immolation
 G - 2 scrolls of magic mapping
 Q - a scroll of vulnerability
 W - a scroll of amnesia
Potions
 j - 4 potions of curing
 k - 2 potions of ambrosia
 l - 3 potions of flight
 u - a potion of magic
 x - 2 potions of brilliance
Books
 D - a book of Maledictions

   Spells                             Type                      Level
   a - Corona                         Hexes                        1
   b - Ensorcelled Hibernation        Hexes/Ice                    2
   c - Confuse                        Hexes                        3
   d - Tukima's Dance                 Hexes                        3
   e - Dazzling Spray                 Conjuration/Hexes            3
Comestibles
 f - 4 bread rations
 v - 5 chunks of flesh
 A - a meat ration
 C - 4 royal jellies


   Skills:
 * Level 12.3(17.3) Fighting
 * Level 8.3(13.3) Maces & Flails
 * Level 9.6(14.6) Throwing
 + Level 6.2(11.2) Dodging
 - Level 0.6(5.6) Stealth
 + Level 5.0 Invocations


You had 10 spell levels left.
You didn't know any spells.

Dungeon Overview and Level Annotations

Branches:
Dungeon (11/15)            Temple (1/1) D:4            Lair (0/6) D:11
    Orc (0/2) D:11

Altars:
Ashenzari
Cheibriados
Dithmenos
Elyvilon
Fedhas
Gozag
Hepliaklqana
Kikubaaqudgha
Makhleb
Nemelex Xobeh
Okawaru
Qazlal
Ru
Sif Muna
Trog
Uskayaw
Vehumet
Wu Jian
Xom
Yredelemnul
Zin
The Shining One

Annotations:
D:3 Elf twin uniques


Innate Abilities, Weirdness & Mutations

You are too large for most types of armour.
You have tough skin. (AC +1)
You have an increased reservoir of magic. (+10% MP)
You are somewhat resistant to further mutation.


Message History

* * * LOW HITPOINT WARNING * * *
You bludgeon the merfolk!!
The merfolk is heavily wounded.
The merfolk hits you with a spear.
* * * LOW HITPOINT WARNING * * *
You barely miss the merfolk.
The merfolk is heavily wounded.
The merfolk hits you with a spear.
* * * LOW HITPOINT WARNING * * *
You sock the merfolk!
The merfolk is severely wounded.
The merfolk hits you with a spear.
* * * LOW HITPOINT WARNING * * *
The merfolk hits you with a spear!
* * * LOW HITPOINT WARNING * * *
The merfolk hits you from afar with a spear.
* * * LOW HITPOINT WARNING * * *
You open the door.
The merfolk hits you from afar with a spear!!
You die...

********######
*,,,,,,,#≈≈≈≈###
*,,,,,,,#.(m.@.#
*,,,,,,,#%%#†#.#
*,,,,,,,######.#
*,,,,,,,,,****.#
****,,,,,,,,,,,,,.#
,,,+,,<,,,,,,****##
,***,,,,,,,,,* **
*,,,,,,,,,*
*,,,,,,,,,*


You could see a merfolk.

Vanquished Creatures
  2 two-headed ogres
  An ugly thing (D:11)
  A centaur zombie (D:10)
  The ghost of gg19 the Slasher, a novice DrGl (D:4)
  A gargoyle (D:10)
  2 trolls
  6 yaks (D:10)
  A wyvern (D:8)
  A hungry ghost (D:7)
  Duvessa (D:3)
  A water moccasin (D:9)
  An orc warrior (D:10)
  A sky beast (D:9)
  5 ice beasts
  A black bear (D:10)
  A necrophage (D:5)
  7 ogres
  2 phantoms
  3 centaurs
  Blork the orc (D:4)
  2 big kobolds
  5 bullfrogs
  A gnoll sergeant (D:6)
  Dowan (D:3)
  2 scorpions (D:4)
  11 killer bees
  11 wights
  3 howler monkeys
  4 jellies
  3 crimson imps
  4 bullfrog zombies
  4 orc priests
  7 hounds
  4 orc wizards
  2 centaur skeletons
  5 iguanas
  5 worker ants
  2 hound zombies
  A howler monkey zombie (D:10)
  A worker ant zombie (D:6)
  A howler monkey skeleton (D:5)
  11 gnolls
  14 adders
  2 shadow imps
  2 oozes
  3 adder zombies
  2 adder skeletons
  2 dart slugs (D:1)
  7 leopard geckos
  29 orcs
  2 ball pythons (D:2)
  4 bats
  6 giant cockroaches
  9 hobgoblins
  12 jackals
  3 quokkas
  4 frilled lizards
  7 goblins
  9 kobolds
  2 leopard gecko skeletons (D:4)
  5 rats
254 creatures vanquished.

Notes
Turn   | Place    | Note
-------+----------+-------------------------------------------
     0 | D:1      | Jail the Ogre Hunter began the quest for the Orb.
     0 | D:1      | Reached XP level 1. HP: 22/22 MP: 1/1
    86 | D:1      | Reached skill level 3 in Fighting
    86 | D:1      | Reached XP level 2. HP: 19/31 MP: 2/2
   541 | D:1      | Reached XP level 3. HP: 20/37 MP: 3/3
   605 | D:1      | Reached skill level 1 in Maces & Flails
  1317 | D:2      | Found an iron altar of Okawaru.
  1317 | D:2      | Found a shadowy altar of Dithmenos.
  1318 | D:2      | Found a sparkling altar of Nemelex Xobeh.
  1617 | D:3      | Reached XP level 4. HP: 48/48 MP: 4/4
  1690 | D:3      | Reached skill level 4 in Fighting
  1701 | D:3      | Found a blossoming altar of Fedhas.
  1702 | D:3      | Found a bloodstained altar of Trog.
  1703 | D:3      | Found a snail-covered altar of Cheibriados.
  1810 | D:3      | Reached XP level 5. HP: 35/55 MP: 5/5
  1896 | D:3      | Found a white marble altar of Elyvilon.
  2204 | D:3      | Found a stormy altar of Qazlal.
  2556 | D:2      | Became a worshipper of Warmaster Okawaru
  3101 | D:2      | Reached XP level 6. HP: 56/65 MP: 6/6
  3131 | D:2      | Found a shimmering altar of Xom.
  3339 | D:4      | Reached skill level 5 in Fighting
  3339 | D:4      | Reached skill level 5 in Throwing
  3484 | D:4      | Found a burning altar of Makhleb.
  3849 | D:4      | Noticed Duvessa
  3851 | D:4      | Noticed Dowan
  3986 | D:3      | Reached XP level 7. HP: 26/74 MP: 7/7
  4327 | D:4      | Reached skill level 6 in Fighting
  4547 | D:4      | Reached * piety under Okawaru
  4625 | D:4      | Noticed Blork the orc
  4637 | D:4      | Killed Blork the orc
  5280 | D:3      | HP: 2/75 [poisoned by Duvessa]
  5615 | D:4      | Found a staircase to the Ecumenical Temple.
  5624 | Temple   | Entered the Ecumenical Temple
  5901 | D:4      | Noticed gg19's ghost (novice DrGl)
  6282 | D:4      | Found a burning altar of Makhleb.
  6510 | D:5      | Entered Level 5 of the Dungeon
  6567 | D:5      | Found a blossoming altar of Fedhas.
  6785 | D:5      | Reached skill level 7 in Fighting
  6785 | D:5      | Reached XP level 8. HP: 40/87 MP: 8/8
  6945 | D:5      | Gained mutation: You have an increased reservoir of magic. (+10% MP) [potion of mutation]
  6945 | D:5      | Gained mutation: You are somewhat resistant to further mutation. [potion of mutation]
  7409 | D:5      | Reached skill level 8 in Fighting
  7602 | D:6      | Found a shadowy altar of Dithmenos.
  7885 | D:6      | Reached ** piety under Okawaru
  7885 | D:6      | Reached skill level 5 in Maces & Flails
  8008 | D:6      | Reached XP level 9. HP: 30/97 MP: 9/9
  8290 | D:6      | Found a burning altar of Makhleb.
  8723 | D:7      | Reached skill level 9 in Fighting
  8980 | D:7      | Found a glowing silver altar of Zin.
  9546 | D:8      | Found a radiant altar of Vehumet.
  9558 | D:8      | Reached skill level 1 in Invocations
  9696 | D:8      | Reached *** piety under Okawaru
  9696 | D:8      | Reached skill level 5 in Dodging
  9769 | D:8      | Reached skill level 10 in Fighting
  9816 | D:9      | Noticed a two-headed ogre
  9825 | D:9      | Killed a two-headed ogre
  9825 | D:9      | Received a gift from Okawaru
  9825 | D:9      | Reached XP level 10. HP: 69/111 MP: 12/12
 10221 | D:9      | Reached **** piety under Okawaru
 10573 | D:9      | Found a deep blue altar of Sif Muna.
 10685 | D:9      | Received a gift from Okawaru
 10849 | D:10     | Entered Level 10 of the Dungeon
 10955 | D:10     | Reached skill level 11 in Fighting
 11319 | D:10     | Got a scorched garnet amulet
 11616 | D:10     | Reached ***** piety under Okawaru
 11633 | D:10     | Received a gift from Okawaru
 11633 | D:10     | Reached XP level 11. HP: 119/123 MP: 15/15
 11807 | D:10     | Noticed a two-headed ogre
 11816 | D:10     | Killed a two-headed ogre
 11816 | D:10     | Received a gift from Okawaru
 11816 | D:10     | Reached skill level 12 in Fighting
 12438 | D:3      | Killed Duvessa
 12459 | D:3      | Killed Dowan
 12604 | D:4      | Killed gg19's ghost
 12818 | D:11     | Received a gift from Okawaru
 13118 | D:11     | Noticed a purple ugly thing
 13150 | D:11     | Killed a purple ugly thing
 13151 | D:11     | Reached skill level 5 in Invocations
 13172 | D:11     | Mangled by a merfolk

Vault maps used:
D:1:      scummos_arrival_star
D:2:      tgw_xom, nicolae_overflow_hidden_temple, minmay_misc_feat_iff,
          minmay_tetromino_t4
D:3:      cheibrodos_old_hovel, nicolae_qazlal_general_emergency,
          nicolae_overflow_crystal_walls, grunt_temple_overflow_open
D:4:      old_standard_altar, minmay_temple_entry_purple_smoke, bloody_makhleb,
          uniq_blork_the_orc, uniq_duvessa
D:5:      first_bread, fedhas_altar_1
D:6:      basic_altar, nicolae_dithmenos_shadow_blocks
D:7:      marbit_many_paths
D:8:      fiery_altar_vehumet
D:9:      overflow_temple_1_default
D:11:     lair_entry_dummy, hiddenorc1_lemuel, lab_entry_generic, serial_shops,
          shop, hangedman_fish_farm
Temple:   kb_temple_of_zot

Skill      XL: |  1  2  3  4  5  6  7  8  9 10 11 |
---------------+----------------------------------+-----
Fighting       | 3 4 5 7 8 10 11 12 | 12.3
Dodging        | 2 3 4 5 6 |  6.2
Maces & Flails | 1 2 3 4 5 6 7 8 |  8.3
Throwing       | 5 6 8 9 |  9.6
Invocations    | 2 4 5 |  5.0
Stealth        | |  0.6

Action                   |  1- 3 |  4- 6 |  7- 9 | 10-12 || total
-------------------------+-------+-------+-------+-------++-------
Melee: Mace              |   109 |   155 |    41 |       ||   305
       Dire flail        |       |       |   157 |    10 ||   167
       Flail             |       |       |   177 |   356 ||   533
       Punch             |       |       |       |     2 ||     2
       Giant spiked club |       |       |       |    27 ||    27
Throw: Large rock        |     2 |    12 |    31 |     1 ||    46
       Tomahawk          |       |    18 |     7 |    16 ||    41
       Throwing net      |       |       |     4 |       ||     4
       Javelin           |       |       |       |    29 ||    29
Invok: Heroism           |       |       |     2 |    11 ||    13
       Finesse           |       |       |       |     2 ||     2
  Use: Scroll            |     5 |       |     9 |    15 ||    29
       Potion            |     1 |       |     9 |     9 ||    19
 Stab: Sleeping          |     2 |       |     2 |       ||     4
  Eat: Chunk             |     2 |     6 |    15 |     7 ||    30
       Royal jelly       |       |     1 |       |     1 ||     2
       Meat ration       |       |       |     1 |       ||     1
       Fruit             |       |       |       |     3 ||     3
Armor: Robe              |    35 |    74 |   111 |   133 ||   353
       Skin              |       |       |       |   135 ||   135
Dodge: Dodged            |    77 |   126 |   239 |   261 ||   703

Table legend:
 A = Spawn XP
 B = Non-spawn XP
 C = Spawn XP percentage of total XP
 D = Spawn monster count
 E = Non-spawn monster count
 F = Spawn count percentage of total count
 G = Total turns spent on level
                    A         B        C        D         E        F      G
               +---------+---------+-------+---------+---------+-------+---------
         Total |       0 |   13637 |   0.0 |       0 |     254 |   0.0 | 13172
               +---------+---------+-------+---------+---------+-------+---------
           D:1 |       0 |      45 |   0.0 |       0 |      23 |   0.0 |  1110
           D:2 |       0 |      89 |   0.0 |       0 |      22 |   0.0 |  1085
           D:3 |       0 |     560 |   0.0 |       0 |      33 |   0.0 |  3642
           D:4 |       0 |     959 |   0.0 |       0 |      20 |   0.0 |  1188
           D:5 |       0 |     738 |   0.0 |       0 |      23 |   0.0 |  1068
           D:6 |       0 |     649 |   0.0 |       0 |      17 |   0.0 |  1003
           D:7 |       0 |     951 |   0.0 |       0 |      22 |   0.0 |   894
           D:8 |       0 |     802 |   0.0 |       0 |      12 |   0.0 |   532
           D:9 |       0 |    2198 |   0.0 |       0 |      24 |   0.0 |   982
          D:10 |       0 |    5163 |   0.0 |       0 |      46 |   0.0 |  1284
          D:11 |       0 |    1483 |   0.0 |       0 |      12 |   0.0 |   242
               +---------+---------+-------+---------+---------+-------+---------
